[Event "*** Titled Tuesday Blitz"]
[Site "Chess.com"]
[Date "2021.04.27"]
[Round "7"]
[White "Nils_03"]
[Black "Zq1"]
[Result "1/2-1/2"]
[WhiteElo "2440"]
[BlackElo "2537"]
[TimeControl "180+1"]
[EndTime "11:17:15 PDT"]
[Termination "Game drawn by repetition"]

1. d4 Nf6 2. c4 a6 3. Nf3 e6 4. g3 c5 5. d5 b5 6. Bg2 exd5 7.
cxd5 d6 8. O-O Be7 9. a4 Bb7 10. e4 Nxe4 11. Re1 Nf6 12. Qe2 Nxd5 13. Ng5 Nd7 14.
Nxf7 Kxf7 15. Qe6+ Kf8 16. Bxd5 Bxd5 17. Qxd5 Nf6 18.
Qf3 b4 19. Bf4 Ra7 20. Nd2 Qd7 21. Nc4 Qb7 22. Qxb7 Rxb7 23. Nxd6 Bxd6 24. Bxd6+ Kf7 25. Bxc5 Rc8 26. Rac1 Rbc7 27. Be3 Rxc1 28. Rxc1 Rxc1+ 29. Bxc1 Ke6 30. Kf1 Kd5 31. Ke2 Kc4 32. h3 Nd5 33. f4 a5 34. f5 Kb3 35. Kd3 Nb6 36. g4 Nxa4 37. g5 Nc5+ 38. Kd4 Nd7 39. h4 a4 40.
Kd3 Ne5+ 41. Ke4 Nf7 42. Kd3 Ne5+ 43. Ke4 Nc4 44. f6 gxf6 45. gxf6 Nd6+ 46. Kd5 Nf7 47. Ke6 Nh8 48. h5 Kc2 49. Bh6 a3 50.
bxa3 b3 51. Bg7 b2 52. Bxh8 b1=Q 53. f7 Qb3+ 54. Ke7 Qb7+ 55. Ke8 Qc8+ 56. Ke7 Qc7+ 57. Ke8 Qc8+ 58. Ke7 Qc7+ 59. Ke8 Qc8+ 1/2-1/2

[Event "*** Titled Tuesday Blitz"]
[Site "Chess.com"]
[Date "2021.04.27"]
[Round "7"]
[White "Buffy7"]
[Black "davidkalashian"]
[Result "0-1"]
[WhiteElo "2685"]
[BlackElo "2583"]
[TimeControl "180+1"]
[EndTime "11:17:16 PDT"]
[Termination "davidkalashian won by resignation"]

1. e4 c6 2. d4 g6 3. Nc3 Bg7 4.
Nf3 d6 5. Be3 Nd7 6. Qd2 b5 7.
a4 b4 8. Ne2 a5 9. Ng3 Ngf6 10.
h3 O-O 11. Bd3 c5 12. c3 Bb7 13. O-O Rc8 14. Rfe1 c4 15. Bc2 b3 16. Bb1 e5 17.
Bh6 Re8 18. Nf5 Bxh6 19. Nxh6+ Kg7 20. Ng5 Re7 21. Nhxf7 Qb6 22. Nh6 Rf8 23. d5 Nc5 24. Kh1 Nh5 25. Ng4 Nf4 26. g3 Nh5 27. Kg2 Bc8 28. Ne3 Qa6 29. Qe2 h6 30. Ne6+ Nxe6 31.
dxe6 Bxe6 32. Rf1 Ref7 33. Nd5 Qc6 34. Qd2 Qc5 35. Qe3 Qc8 36. g4 Nf4+ 37. Nxf4 Rxf4 38.
f3 h5 39. Rf2 hxg4 40. hxg4 Bxg4 41. Qa7+ R8f7 42. Qe3 Bxf3+ 43. Rxf3 Rxf3 44. Qxf3 Rxf3 45. Kxf3 Qh3+ 46. Ke2 Qg2+ 47. Ke3 Qxb2 48. Bd3 Qxa1 49. Bxc4 Qxc3+ 0-1

[Event "*** Titled Tuesday Blitz"]
[Site "Chess.com"]
[Date "2021.04.27"]
[Round "7"]
[White "Grandmaster2B"]
[Black "levallem"]
[Result "1-0"]
[WhiteElo "2505"]
[BlackElo "2276"]
[TimeControl "180+1"]
[EndTime "11:17:16 PDT"]
[Termination "Grandmaster2B won by resignation"]

1. e4 d5 2. exd5 Qxd5 3. Nc3 Qa5 4. Bc4 Nf6 5. Nge2 c6 6. d3 e6 7. O-O Bd6 8. Bd2 Qc7 9. h3 O-O 10. a4 b6 11. Bg5 Nbd7 12. Nd4 Bb7 13. Qe2 a6 14.
Rae1 b5 15. axb5 cxb5 16. Bb3 Bc5 17. Nf3 h6 18. Be3 Bd6 19. Bd4 Rae8 20. Ne5 Nxe5 21.
Bxe5 Nd7 22. Bxd6 Qxd6 23. Ne4 Qc7 24. c3 Nc5 25. Nxc5 Qxc5 26. d4 Qc6 27. f3 Rd8 28. Bc2 Rd7 29. Be4 Qb6 30. Bxb7 Qxb7 31. Ra1 Rfd8 32.
Ra3 Rd6 33. Rfa1 Ra8 34. Qe5 Rd5 35. Qe4 Qc6 36. Rb3 Ra7 37. Rb4 Rd6 38. Qxc6 Rxc6 39. Rxb5 axb5 40. Rxa7 b4 41. cxb4 Rc4 42. b5 Rxd4 43.
b6 Rb4 44. b7 Kh7 45. Kf2 Kg6 46. Ke3 Rxb2 47. Kd4 Kg5 48. g3 Kf5 49. Kc3 Rb5 50.
Kc4 Rb1 51. Ra5+ Kf6 52. Rb5 e5 53. Rxb1 1-0

[Event "*** Titled Tuesday Blitz"]
[Site "Chess.com"]
[Date "2021.04.27"]
[Round "7"]
[White "VerdeNotte"]
[Black "starworld123"]
[Result "0-1"]
[WhiteElo "2877"]
[BlackElo "2772"]
[TimeControl "180+1"]
[EndTime "11:17:17 PDT"]
[Termination "starworld123 won by checkmate"]

1. e4 e5 2. Nf3 Nc6 3. Bc4 Bc5 4. c3 Nf6 5. d4 exd4 6. e5 d5 7. Bb5 Ne4 8. cxd4 Bb6 9. Nc3 O-O 10. Be3 Bg4 11.
h3 Bh5 12. Qa4 Ne7 13. Bd3 f5 14. exf6 Nxf6 15. Ne5 Be8 16. Qc2 Nc6 17. Nxc6 Bxc6 18.
O-O Qe8 19. Rfe1 Qf7 20. b4 Bd7 21. a4 c6 22. Qc1 Qh5 23. Ne2 Bc7 24. Bf4 Bxf4 25.
Nxf4 Qf7 26. Ra2 Ne4 27. Rxe4 Kh8 28. Nxd5 Qxd5 29. Rae2 Rae8 30. Qf4 Rxf4 31. Rxe8+ Bxe8 32. Rxe8+ Qg8 33. Rxg8+ Kxg8 34. b5 Rxd4 35. Bc2 cxb5 36. axb5 a5 37. bxa6 bxa6 38. Kf1 Kf7 39. Ke2 Ke6 40.
Bxh7 a5 41. Ke3 Ke5 42. g3 a4 43. f4+ Kd5 44. h4 a3 45. h5 Kc5 46. Bb1 Rb4 47.
Ba2 Rb2 48. Bf7 a2 49. Bxa2 Rxa2 50. Ke4 Kd6 51. Kf5 Ke7 52. Kg6 Rg2 53. Kxg7 Rxg3+ 54. Kh7 Kf7 55. h6 Rh3 56. f5 Rh2 57. f6 Rh3 58.
Kh8 Rxh6# 0-1

[Event "*** Titled Tuesday Blitz"]
[Site "Chess.com"]
[Date "2021.04.27"]
[Round "7"]
[White "TheKingOfTheForest"]
[Black "Matensien"]
[Result "1-0"]
[WhiteElo "2253"]
[BlackElo "2340"]
[TimeControl "180+1"]
[EndTime "11:17:17 PDT"]
[Termination "TheKingOfTheForest won by resignation"]

1. d4 Nf6 2. c4 e6 3. Nc3 Bb4 4. Qc2 O-O 5. a3 Bxc3+ 6. Qxc3 b6 7. Bg5 Bb7 8. e3 d6 9. Qc2 Nbd7 10. Ne2 h6 11.
Bh4 Qe7 12. Nc3 e5 13. d5 a5 14. Be2 g5 15. Bg3 Nh7 16. Qf5 Bc8 17. Qh3 Kg7 18. Bg4 Nc5 19. Bxc8 Raxc8 20. O-O f5 21. f3 a4 22.
Rae1 Rce8 23. Kh1 Rf7 24. e4 f4 25. Bf2 Nf6 26. Bxc5 bxc5 27. Nxa4 h5 28. g3 Qd7 29.
Qxd7 Nxd7 30. Nc3 fxg3 31. hxg3 Rb8 32. Nb5 Nb6 33. b3 Nc8 34. Kg2 Rb7 35. a4 Na7 36.
Rh1 Kg6 37. Rhf1 Nxb5 38. axb5 Ra7 39. Ra1 Rxa1 40. Rxa1 g4 41. fxg4 hxg4 42. Ra7 Rf3 43. Rxc7 Rxb3 44. Rc6 Rb2+ 45. Kf1 Kg5 46. Rxd6 Rb4 47.
Rc6 Rxc4 48. d6 Rd4 49. b6 Rd3 50. b7 Rb3 51. d7 Rb1+ 52. Ke2 Rb2+ 53. Kd3 Rxb7 54.
d8=Q+ 1-0

[Event "*** Titled Tuesday Blitz"]
[Site "Chess.com"]
[Date "2021.04.27"]
[Round "7"]
[White "Chandradi"]
[Black "CrushingKings"]
[Result "1-0"]
[WhiteElo "2387"]
[BlackElo "2507"]
[TimeControl "180+1"]
[EndTime "11:17:18 PDT"]
[Termination "Chandradi won on time"]

1. c4 Nf6 2. g3 g6 3. Bg2 Bg7 4. Nc3 O-O 5. Nf3 d6 6. O-O c5 7.
d4 Nbd7 8. b3 Rb8 9. Bb2 a6 10.
a4 b6 11. e4 Bb7 12. Qe2 Ne8 13. d5 Nc7 14. Ne1 Bc8 15. Nd1 Bxb2 16. Nxb2 b5 17. Qc2 Ne8 18. Ned3 Qb6 19. Rab1 Qa5 20. f4 e6 21. e5 exd5 22. cxd5 Ng7 23. g4 Re8 24. Rbe1 Bb7 25. e6 fxe6 26. dxe6 Rxe6 27. Bxb7 Rxb7 28. Qg2 Rxe1 29. Rxe1 Rb8 30. Qd5+ Kh8 31. Qxd6 Qb6 32. Qxd7 c4+ 33. Nf2 c3 34. Nd3 Rd8 35. Qe7 c2 36.
Kg2 Qc6+ 37. Qe4 Qc3 38. Rc1 Re8 39. Qb4 Qc6+ 40. Kg3 Re3+ 41. Kh4 Ne6 42. Qe7 Qf3 43. Qf6+ Kg8 44. Rxc2 g5+ 45. fxg5 Qe4 46. Rc8+ 1-0

[Event "*** Titled Tuesday Blitz"]
[Site "Chess.com"]
[Date "2021.04.27"]
[Round "7"]
[White "Karttunen"]
[Black "SergioGarciaFuentes"]
[Result "1-0"]
[WhiteElo "2513"]
[BlackElo "2355"]
[TimeControl "180+1"]
[EndTime "11:17:18 PDT"]
[Termination "Karttunen won on time"]

1. c4 c6 2. Nf3 d5 3. e3 Nf6 4. b3 g6 5. Bb2 Bg7 6. Be2 O-O 7.
O-O Re8 8. Ne5 Nfd7 9. f4 f6 10. Nxd7 Bxd7 11. Nc3 e6 12. d4 Na6 13. a3 Rc8 14. e4 f5 15. e5 Nc7 16. Qd2 Re7 17. g4 Be8 18. c5 Kh8 19. g5 Rd7 20. Kg2 Bf7 21. h4 Ne8 22. Rh1 Bf8 23. h5 Kg8 24. Rh3 Ng7 25. hxg6 Bxg6 26. Rah1 Ne8 27. Nd1 Rcc7 28.
Ne3 Rg7 29. Nf1 Rcf7 30. Kf2 Be7 31. Bc3 b6 32. Ke1 bxc5 33. dxc5 Bxc5 34. b4 Bb6 35. Bd4 Qc7 36. Rc3 Qb7 37. Qe3 Rc7 38. Nd2 Bxd4 39. Qxd4 a5 40. Nb3 axb4 41. axb4 Qa7 42. Kd2 Qa2+ 43. Ke3 Rb7 44. Ra1 Qb2 45. Ra8 Rgc7 46. Rd8 Kg7 47. Nc5 Qxb4 48. Nxe6+ 1-0

[Event "*** Titled Tuesday Blitz"]
[Site "Chess.com"]
[Date "2021.04.27"]
[Round "7"]
[White "onnoelgersma"]
[Black "Witik"]
[Result "0-1"]
[WhiteElo "2460"]
[BlackElo "2691"]
[TimeControl "180+1"]
[EndTime "11:17:20 PDT"]
[Termination "Witik won by resignation"]

1. d4 Nf6 2. Nf3 g6 3. Bg5 Bg7 4. e3 O-O 5. Nbd2 d5 6. Be2 Nbd7 7. O-O c5 8. c3 Re8 9. a4 e5 10. dxe5 Nxe5 11. Nxe5 Rxe5 12. Bf4 Re8 13. a5 a6 14. Qb3 Qd7 15. Rfd1 Qc6 16. Bf3 Be6 17. Qa3 Rad8 18. h3 Ne4 19. Nxe4 dxe4 20. Be2 h6 21. Bg3 c4 22. Rxd8 Rxd8 23. Rd1 Rxd1+ 24. Bxd1 Bf8 25.
Qa4 Qd5 26. Be2 Qb5 27. Qxb5 axb5 28. f3 Bd5 29. Be5 Be7 30. Kf2 Bd8 31. fxe4 Bxe4 32. Bf3 f5 33. g4 Kf7 34. gxf5 gxf5 35. Bh5+ Ke6 36. Bf4 Bxa5 37. Bxh6 b4 38. Bg7 bxc3 39. bxc3 b5 40. Be2 Kd5 41. h4 b4 42. cxb4 Bxb4 43.
h5 Bc5 44. h6 f4 45. Bd4 Bxd4 46. exd4 Kxd4 47. Bh5 c3 48. Bd1 c2 49. Bxc2 Bxc2 50. Kf3 Ke5 51. Kg4 Bh7 52. Kf3 Kf5 0-1

[Event "*** Titled Tuesday Blitz"]
[Site "Chess.com"]
[Date "2021.04.27"]
[Round "7"]
[White "KeithArkell"]
[Black "dennisodessa"]
[Result "1-0"]
[WhiteElo "2604"]
[BlackElo "2431"]
[TimeControl "180+1"]
[EndTime "11:17:20 PDT"]
[Termination "KeithArkell won by resignation"]

1. d4 Nf6 2. Nf3 e6 3. c4 Bb4+ 4. Bd2 a5 5. g3 O-O 6. Bg2 d5 7. O-O dxc4 8. Na3 Bxa3 9. bxa3 b5 10. Qc2 Bb7 11. a4 Be4 12. Qc1 c6 13. axb5 cxb5 14. a4 Nc6 15. axb5 Nxd4 16. Nxd4 Qxd4 17. Bc3 Qd5 18. f3 Bg6 19. Qb2 Rfb8 20. b6 Qc6 21. Bxf6 gxf6 22. Qxf6 Qxb6+ 23. Kh1 Qb2 24. Qg5 c3 25. f4 Ra7 26. f5 exf5 27. h4 c2 28. h5 h6 29. Qxh6 Bh7 30. Qg5+ Qg7 31. Qf4 Rc8 32.
Rfc1 Qg4 33. Bf3 Qxf4 34. gxf4 f6 35. Bd5+ Kf8 36. Ra2 Rac7 37. Rxa5 Rd8 38. Bb3 Rc3 39. Bxc2 Rdc8 40. Ra2 Bg8 41. Rb2 R8c7 42. Kg1 Bd5 43. Kf2 Ke7 44. Ke1 Be4 45. Kd2 R3c5 46. h6 Rd7+ 47.
Ke3 Kf8 48. Rb8+ Ke7 49. h7 Rc3+ 50. Kf2 Rd2 1-0

[Event "*** Titled Tuesday Blitz"]
[Site "Chess.com"]
[Date "2021.04.27"]
[Round "7"]
[White "SF-96"]
[Black "Vugar_Manafov"]
[Result "1-0"]
[WhiteElo "2611"]
[BlackElo "2728"]
[TimeControl "180+1"]
[EndTime "11:17:21 PDT"]
[Termination "SF-96 won by resignation"]

1. Nf3 Nf6 2. g3 d5 3. Bg2 c6 4. O-O Bg4 5. c4 e6 6. d4 Nbd7 7. Qb3 Qb6 8. h3 Bh5 9. Nc3 Be7 10. cxd5 exd5 11. Be3 O-O 12. Ne5 Nxe5 13. dxe5 Qxb3 14. axb3 Nd7 15. f4 f6 16. e6 Nc5 17. g4 Be8 18. f5 Nxb3 19. Rxa7 Rxa7 20. Bxa7 d4 21. Ne4 c5 22.
Bb8 Bb5 23. Bd6 Re8 24. Bxe7 Rxe7 25. Re1 c4 26. Nd6 Ba6 27. Bd5 Na5 28. Ra1 b6 29. Bxc4 Bxc4 30. Nxc4 Ra7 31. Nxb6 Kf8 32. b4 Nc6 33. Rxa7 Nxa7 34. Nd5 Nb5 35. Kf2 Ke8 36. Kf3 Nd6 37. e3 d3 38. Nf4 d2 39. Ke2 Ne4 40.
Nd5 g6 41. b5 gxf5 42. gxf5 Ng3+ 43. Kxd2 Nxf5 44. b6 Nd6 45. Kd3 Kd8 46. Kd4 Kc8 47. Nxf6 Kb7 48. Ke5 Nc4+ 49. Kf4 Kxb6 50. e7 1-0

[Event "*** Titled Tuesday Blitz"]
[Site "Chess.com"]
[Date "2021.04.27"]
[Round "7"]
[White "Dyadya81"]
[Black "scandalgod"]
[Result "1-0"]
[WhiteElo "2722"]
[BlackElo "2582"]
[TimeControl "180+1"]
[EndTime "11:17:21 PDT"]
[Termination "Dyadya81 won on time"]

1. e4 e5 2. Nf3 Nc6 3. d4 exd4 4. Nxd4 Bc5 5. Nxc6 Qf6 6. Qf3 dxc6 7. Bc4 Be6 8.
Bxe6 Qxe6 9. Be3 Bb4+ 10. c3 Bd6 11. Bd4 f6 12. Nd2 Ne7 13. O-O O-O-O 14. b4 Ng6 15. Rfe1 Be5 16. Nb3 Nh4 17. Qe2 Bd6 18. Rab1 h5 19.
h3 g5 20. b5 c5 21. Bxc5 g4 22. Bxd6 Rxd6 23. Nc5 Qe5 24. Nd3 Qg5 25. Qe3 Nf3+ 26.
gxf3 Qh4 27. Kf1 gxh3 28. Ke2 h2 29. Rh1 Rhd8 30. Rbd1 b6 31. a4 Qh3 32. Qf4 Qe6 33.
Rxh2 Qc4 34. Qe3 Qxc3 35. Rd2 Qc4 36. Rxh5 Qxa4 37. Rh7 Qc4 38. Rh1 Kb8 39. Rc1 Qxb5 40.
f4 a5 41. Rc3 Rd4 42. e5 fxe5 43. Qxe5 Qa4 44. Qxc7+ Ka8 45. Qxb6 Re4+ 46. Kf3 1-0

[Event "*** Titled Tuesday Blitz"]
[Site "Chess.com"]
[Date "2021.04.27"]
[Round "7"]
[White "agartha01"]
[Black "Piotrek1979"]
[Result "0-1"]
[WhiteElo "2501"]
[BlackElo "2346"]
[TimeControl "180+1"]
[EndTime "11:17:21 PDT"]
[Termination "Piotrek1979 won by resignation"]

1. Nf3 Nf6 2. g3 g6 3. Bg2 Bg7 4. O-O O-O 5. d4 d6 6. c4 Nc6 7. Nc3 Bg4 8. h3 Bxf3 9. Bxf3 Nd7 10. e3 e5 11. d5 Ne7 12. Bg2 f5 13. f4 e4 14. Ne2 Nc5 15. Rb1 a5 16. Nd4 c6 17.
dxc6 bxc6 18. b3 Qd7 19. Bb2 Nd3 20. Ba1 Rfb8 21. Qe2 c5 22. Nb5 Bxa1 23. Rxa1 d5 24. Rfd1 Rxb5 25. cxb5 a4 26. Qc2 a3 27. Bf1 Qxb5 28.
Bxd3 exd3 29. Qxd3 Qb6 30. Rac1 Rc8 31. Qc3 Kf7 32. Qe5 Qe6 33. Qxe6+ Kxe6 34. Rc3 Kd6 35. Kf2 Nc6 36. Rd2 Nb4 37. g4 h5 38. gxf5 gxf5 39. Rc1 Rg8 40. Rg1 Rxg1 41. Kxg1 Kc6 42. Kf1 c4 43. bxc4 dxc4 44. Ke1 c3 45. Rg2 Kc5 46.
Kd1 Kc4 47. e4 fxe4 48. f5 Nd5 49. Rg6 Ne3+ 50. Ke2 Nxf5 51. Rc6+ Kd4 52. Ra6 Ng3+ 53.
Kd1 e3 54. Kc2 e2 55. Re6 Ne4 0-1

[Event "*** Titled Tuesday Blitz"]
[Site "Chess.com"]
[Date "2021.04.27"]
[Round "7"]
[White "IsuruAlahakoon"]
[Black "Pertinhez76"]
[Result "1-0"]
[WhiteElo "2180"]
[BlackElo "2078"]
[TimeControl "180+1"]
[EndTime "11:17:21 PDT"]
[Termination "IsuruAlahakoon won on time"]

1. Nf3 g6 2. d4 Bg7 3. Nc3 d5 4.
Bf4 a6 5. a4 Nf6 6. e3 Bg4 7. h3 Bxf3 8. Qxf3 c6 9. Bd3 Nbd7 10.
O-O O-O 11. b4 Nh5 12. Bg5 f6 13. Bh4 Bh6 14. Qg4 Qe8 15. e4 dxe4 16. Qxe4 e5 17. dxe5 Qxe5 18. Qc4+ Kh8 19. Rae1 Qf4 20. Re7 Rad8 21.
g4 Qxc4 22. Bxc4 Ne5 23. Bb3 Nf3+ 24. Kh1 Nxh4 25. gxh5 b5 26. axb5 axb5 27. Ne4 Nf3 28. hxg6 hxg6 29. Nc5 Rfe8 30. Rf7 Bg7 31. Ne6 Rxe6 32.
Bxe6 Ng5 33. Re7 Bf8 34. Rd7 Re8 35. Bf7 Nxf7 36. Rxf7 Bxb4 37. Rc7 Re5 38. Rxc6 Kg7 39. Rd1 Rh5 40. Rd7+ Kh6 41. Kg2 Be1 42. Rxf6 Rg5+ 43.
Kf1 Bc3 44. Rff7 Rf5 45. h4 1-0

[Event "*** Titled Tuesday Blitz"]
[Site "Chess.com"]
[Date "2021.04.27"]
[Round "7"]
[White "ExtremeLearner"]
[Black "Mikhail_Golubev"]
[Result "1/2-1/2"]
[WhiteElo "2425"]
[BlackElo "2560"]
[TimeControl "180+1"]
[EndTime "11:17:22 PDT"]
[Termination "Game drawn by repetition"]

1. d4 g6 2. c4 Bg7 3. Nc3 d6 4. g3 Nf6 5. Bg2 O-O 6. Nf3 Nbd7 7. O-O e5 8. e4 Re8 9. h3 b6 10. Re1 Bb7 11. d5 a5 12. b3 Nc5 13. Bb2 Nfd7 14.
a3 a4 15. b4 Nb3 16. Rb1 f5 17. Nd2 Nd4 18. Nb5 Nxb5 19. cxb5 f4 20. Rc1 Rf8 21.
g4 Nf6 22. f3 Rf7 23. Qe2 Ne8 24. Nb1 Bf6 25. Red1 Bh4 26. Bc3 Bg3 27. Be1 Qh4 28. Bxg3 fxg3 29. Nd2 h5 30. Nf1 hxg4 31. hxg4 Nf6 32.
Qe1 Nxg4 33. fxg4 Rxf1+ 34. Kxf1 Rf8+ 35. Ke2 Rf2+ 36. Kd3 Rxg2 37. Rxc7 Qf6 38. Rd2 Rxd2+ 39. Qxd2 Qf1+ 40. Kc2 g2 41. Qh6 Qf2+ 42. Kc3 Qd4+ 43. Kc2 Qxe4+ 44. Kc3 Qd4+ 45. Kc2 Qf2+ 46. Kc3 Qf3+ 47.
Kc2 Qf2+ 48. Kc3 Qe1+ 49. Kc2 Qe4+ 50. Kc3 Qd4+ 51. Kc2 Qe4+ 1/2-1/2

[Event "*** Titled Tuesday Blitz"]
[Site "Chess.com"]
[Date "2021.04.27"]
[Round "7"]
[White "woodhy"]
[Black "Pantata007"]
[Result "1-0"]
[WhiteElo "2490"]
[BlackElo "2314"]
[TimeControl "180+1"]
[EndTime "11:17:22 PDT"]
[Termination "woodhy won on time"]

1. e4 e5 2. Nf3 Nc6 3. Bb5 a6 4. Bxc6 dxc6 5. O-O Bg4 6. h3 h5 7. d3 Qf6 8. Be3 Bxf3 9. Qxf3 Qxf3 10. gxf3 Bd6 11.
Nd2 Ne7 12. Rfb1 Ng6 13. Kf1 c5 14. Ke2 f6 15. Rg1 Kf7 16. Nc4 Nf8 17. c3 Ne6 18. Na5 b6 19. Nc4 h4 20. Rg2 g5 21. Rgg1 a5 22.
a4 Be7 23. Kd2 Rad8 24. Kc2 Rd7 25. Rad1 Rhd8 26. Bc1 Bf8 27. Rh1 Be7 28. Be3 Bf8 29.
Rh2 Be7 30. Rg2 Bf8 31. Rd2 Nf4 32. Bxf4 exf4 33. Rg1 Bd6 34. Rgd1 Be5 35. Na3 Ke6 36. Nb5 c6 37. Na3 Bc7 38. d4 cxd4 39. cxd4 Bd6 40. Nc4 Bb4 41. Rd3 b5 42. axb5 cxb5 43. Nb6 Rc7+ 44.
Kb3 Bf8 45. Nd5 Rb7 46. Nc3 a4+ 47. Ka2 Bb4 48. d5+ Ke5 49. Ne2 Rd6 50. Nd4 Rdb6 51. Nc6+ Rxc6 52. dxc6 Rc7 53. Rd5+ Ke6 54. Rxb5 Be7 55. Rc1 Ra7 56. c7 1-0

[Event "*** Titled Tuesday Blitz"]
[Site "Chess.com"]
[Date "2021.04.27"]
[Round "7"]
[White "attack2mateU"]
[Black "sergiochess83"]
[Result "1-0"]
[WhiteElo "2754"]
[BlackElo "2874"]
[TimeControl "180+1"]
[EndTime "11:17:24 PDT"]
[Termination "attack2mateU won on time"]

1. e4 c6 2. Nc3 d5 3. Nf3 Bg4 4. h3 Bxf3 5. Qxf3 Nf6 6. Be2 e6 7. O-O Bc5 8. e5 Nfd7 9. Qg4 Nxe5 10. Qxg7 Ng6 11. Qh6 Nd7 12. d3 Bd4 13. Nd1 Qe7 14.
c3 Bf6 15. d4 O-O-O 16. Ne3 Bg5 17. Qh5 Nf4 18. Qf3 Rhg8 19. Re1 Nxe2+ 20. Rxe2 Qf6 21.
Qxf6 Nxf6 22. Nf1 Kd7 23. Nh2 Ne4 24. f3 Ng3 25. Re1 h5 26. Nf1 Bxc1 27. Raxc1 h4 28. Nxg3 Rxg3 29. Kf1 Rdg8 30. Rc2 R3g5 31. Re3 Kd6 32.
Rce2 b6 33. Re5 c5 34. Rxg5 Rxg5 35. Kf2 a5 36. Ke3 f6 37. Kd3 a4 38. b3 a3 39.
c4 cxd4 40. Kxd4 e5+ 41. Kc3 d4+ 42. Kb4 f5 43. Kxa3 d3 44. Rd2 e4 45. fxe4 fxe4 46. Kb4 Ke5 47. Kc3 Kf4 48. Kd4 Rg8 49. Rf2+ Kg3 50.
Ke3 Rd8 51. Rd2 1-0

[Event "*** Titled Tuesday Blitz"]
[Site "Chess.com"]
[Date "2021.04.27"]
[Round "7"]
[White "VladimirBugayev"]
[Black "Loy_Konstantin"]
[Result "0-1"]
[WhiteElo "2252"]
[BlackElo "2376"]
[TimeControl "180+1"]
[EndTime "11:17:25 PDT"]
[Termination "Loy_Konstantin won on time"]

1. e4 c5 2. Nc3 Nc6 3. Bb5 Nd4 4. Nf3 g6 5. Nxd4 cxd4 6. Ne2 Bg7 7. O-O a6 8. Ba4 b5 9. Bb3 d6 10. d3 Qb6 11. a4 b4 12. a5 Qc5 13. Bd2 Nf6 14. Qe1 Rb8 15. Ra4 O-O 16. Rxb4 Be6 17. Nxd4 Bxb3 18. Nxb3 Qxc2 19. Nc1 Rxb4 20. Bxb4 Qxb2 21.
Bc3 Qb5 22. Qd2 Rc8 23. Ne2 Qb3 24. h3 Nxe4 25. dxe4 Bxc3 26. Nxc3 Qxc3 27. Qa2 Qc4 28. Qb1 Qb5 29. Qxb5 axb5 30. Rb1 Rb8 31. a6 Ra8 32.
Rxb5 Rxa6 33. f3 h5 34. h4 Kg7 35. Kh2 Kf6 36. Kg3 Ra2 37. Kh3 Rd2 38. Kg3 e6 39.
Kh3 d5 40. exd5 exd5 41. Kg3 Rd1 42. Kf4 Rd4+ 43. Kg3 Ke5 44. Rb7 f6 45. Rg7 Kf5 46. Ra7 Rd1 47. Ra5 Ke5 48. Rb5 g5 49. Ra5 Rd4 50.
hxg5 fxg5 51. Ra8 h4+ 52. Kh3 Kf4 0-1

[Event "*** Titled Tuesday Blitz"]
[Site "Chess.com"]
[Date "2021.04.27"]
[Round "7"]
[White "Vaathi_Coming"]
[Black "RobertoJBM"]
[Result "1-0"]
[WhiteElo "2887"]
[BlackElo "2734"]
[TimeControl "180+1"]
[EndTime "11:17:26 PDT"]
[Termination "Vaathi_Coming won on time"]

1. g3 d5 2. d4 c6 3. Bg2 Bg4 4. Nc3 Nf6 5. f3 Bh5 6. Nh3 e6 7. Nf4 Bd6 8. Nxh5 Nxh5 9. e4 g6 10. e5 Bb4 11. Bh6 Bf8 12. Qd2 Ng7 13. g4 Nd7 14.
O-O-O Qa5 15. Kb1 Rg8 16. Ne2 Qxd2 17. Rxd2 O-O-O 18. h4 Be7 19. c3 Ne8 20. Bg5 f6 21.
exf6 Bxf6 22. Nf4 Nc7 23. Re2 Rde8 24. Rhe1 Bxg5 25. hxg5 Nf8 26. Kc1 Rg7 27. Kd2 Kd7 28. Nd3 Kd6 29. f4 Rge7 30. b3 b6 31. c4 Nd7 32.
cxd5 exd5 33. Ne5 Nxe5 34. dxe5+ Ke6 35. Bh3 c5 36. f5+ Kf7 37. Bg2 d4 38. e6+ Kf8 39.
Bc6 Rd8 40. f6 Rd6 41. fxe7+ Kxe7 42. Rh2 Rxc6 43. Rxh7+ Ke8 44. Rh8+ Ke7 45. Rh7+ Ke8 46. Rg7 b5 47. Rxg6 c4 48. Rg8+ Ke7 49. Rg7+ Ke8 50. e7 Ne6 51. Rh7 1-0

[Event "*** Titled Tuesday Blitz"]
[Site "Chess.com"]
[Date "2021.04.27"]
[Round "7"]
[White "dosto07"]
[Black "WuinaterJr"]
[Result "1-0"]
[WhiteElo "2313"]
[BlackElo "2498"]
[TimeControl "180+1"]
[EndTime "11:17:27 PDT"]
[Termination "dosto07 won by resignation"]

1. e4 c5 2. Nf3 d6 3. Bb5+ Nd7 4. O-O a6 5. Bxd7+ Bxd7 6. d4 cxd4 7. Qxd4 Rc8 8. Nc3 e6 9. a4 Nf6 10. Bg5 Be7 11. e5 dxe5 12. Nxe5 Bc6 13. Nxc6 Rxc6 14.
Qxd8+ Bxd8 15. Rfd1 O-O 16. Rd3 h6 17. Bh4 g5 18.
Rad1 Ba5 19. Bg3 Bxc3 20. Rxc3 Rxc3 21. bxc3 Rc8 22. h4 Ne4 23. hxg5 hxg5 24. Be5 Nxc3 25. Rd7 b5 26. a5 Ne4 27. f3 Nc5 28. Ra7 Rd8 29. g4 b4 30. Kf2 b3 31. Bf6 Rb8 32.
cxb3 Rxb3 33. Ra8+ Kh7 34. Bxg5 Rb2+ 35. Kg3 Rb5 36.
Bf6 Nd7 37. Bd4 e5 38. Be3 Rxa5 39. Ra7 Nf6 40. Rxf7+ Kg6 41. Ra7 Ra3 42. Bb6 Nd5 43. Bd8 e4 44. Kh4 Rxf3 45. Rxa6+ Kf7 46. g5 Nf4 47. Kg4 Rf2 48. Ra7+ Ke6 49. Bc7 Nd5 50. Ra6+ Kd7 51. Be5 Rf8 52. Rd6+ Ke7 53. Rxd5 e3 54.
Rd3 e2 55. Re3 Ra8 56. Rxe2 Ra1 57. Kh5 1-0

[Event "*** Titled Tuesday Blitz"]
[Site "Chess.com"]
[Date "2021.04.27"]
[Round "7"]
[White "LamaChampetre"]
[Black "tylityli"]
[Result "0-1"]
[WhiteElo "2203"]
[BlackElo "2328"]
[TimeControl "180+1"]
[EndTime "11:17:27 PDT"]
[Termination "tylityli won on time"]

1. d4 Nf6 2. c4 e6 3. Nf3 Bb4+ 4. Nbd2 b6 5. g3 Bb7 6. Bg2 O-O 7. O-O Bxd2 8.
Qxd2 Be4 9. b3 d5 10. Bb2 Nbd7 11. Rac1 c5 12. Rfd1 Rc8 13. cxd5 Bxd5 14. dxc5 Nxc5 15. Qd4 Ncd7 16. Rxc8 Qxc8 17. Bh3 Qc2 18. Qd2 Qxd2 19. Rxd2 Rc8 20. Nd4 a6 21. f3 Bb7 22. Kf2 Nc5 23.
Ba3 Rd8 24. b4 Nce4+ 25. fxe4 Nxe4+ 26. Ke3 Nxd2 27. Kxd2 Rxd4+ 28. Ke3 Rd7 29. Bg4 f5 30. Bf3 Bxf3 31. exf3 b5 32. Bb2 Kf7 33. Bd4 Rc7 34.
Bc5 a5 35. f4 axb4 36. Bxb4 Rc2 37. a3 Rxh2 38. Kd4 Rg2 39. Kc5 Rxg3 40. Kxb5 Ke8 41. a4 Kd7 42. a5 Kc7 43. a6 Kb8 44. Bc5 Rb3+ 45. Kc6 Rc3 46. Kd6 Rxc5 47. Kxc5 h5 48. Kd6 h4 49. Kxe6 h3 50. Kxf5 h2 51. Kg6 h1=Q 52.
Kxg7 Qe4 0-1

[Event "*** Titled Tuesday Blitz"]
[Site "Chess.com"]
[Date "2021.04.27"]
[Round "7"]
[White "AlexSuv"]
[Black "MartinMatthiesen"]
[Result "1-0"]
[WhiteElo "2566"]
[BlackElo "2457"]
[TimeControl "180+1"]
[EndTime "11:17:28 PDT"]
[Termination "AlexSuv won by resignation"]

1. d4 Nf6 2. c4 e6 3. Nc3 Bb4 4. e3 O-O 5. Bd2 d5 6. Nf3 b6 7. cxd5 exd5 8. Rc1 Bb7 9. Ne5 Nbd7 10.
Bd3 Nxe5 11. dxe5 Bxc3 12. Bxc3 Ne4 13. Bxe4 dxe4 14. Qg4 Qd3 15. Rd1 Qc4 16. e6 g6 17.
e7 Rfe8 18. Qd7 Ba6 19. Rd2 Qc5 20. h4 Qxe7 21. Qd4 f6 22. Qxf6 Qxf6 23. Bxf6 Re6 24.
Bc3 Rd6 25. Rxd6 cxd6 26. h5 gxh5 27. Rxh5 Rc8 28. Rg5+ Kf8 29. Rf5+ Kg8 30. Rg5+ Kf8 31.
Kd2 Bc4 32. Rg7 Bxa2 33. Rxa7 Bg8 34. Bb4 Rc6 35. Rb7 Ke8 36. Rb8+ Kf7 37. Bc3 h6 38. g4 Bh7 39. Bd4 Bg6 40. Rb7+ Ke6 41. Rg7 Be8 42. Rh7 d5 43. Rxh6+ Kd7 44. Rh7+ Kc8 45. Re7 Bd7 46. Re5 Bxg4 47. Rxd5 Bf3 48. Rf5 Kb7 49. b4 Ka6 50. b5+ Kb7 51. bxc6+ 1-0

[Event "*** Titled Tuesday Blitz"]
[Site "Chess.com"]
[Date "2021.04.27"]
[Round "7"]
[White "Ajedrez_con_German"]
[Black "Region_07"]
[Result "1-0"]
[WhiteElo "2525"]
[BlackElo "2380"]
[TimeControl "180+1"]
[EndTime "11:17:28 PDT"]
[Termination "Ajedrez_con_German won on time"]

1. d4 d5 2. Nf3 Nc6 3. Bf4 Bg4 4.
e3 Nf6 5. Be2 e6 6. h3 Bh5 7.
Ne5 Bxe2 8. Qxe2 Nxe5 9. Bxe5 Nd7 10. Bg3 Bd6 11. Bxd6 cxd6 12. O-O O-O 13. c3 Nf6 14.
Nd2 Rc8 15. Qb5 Qc7 16. a4 a6 17. Qb3 b6 18. Rfc1 Qc6 19. Qd1 Rc7 20. Qe2 Qb7 21. Rc2 Rfc8 22. Rac1 b5 23. axb5 axb5 24. Qd1 h6 25. b3 Rc6 26. b4 Qa6 27. f3 e5 28.
Nb3 Qa4 29. dxe5 dxe5 30. Nc5 Rxc5 31. bxc5 Rxc5 32. Rb2 Qa3 33. Qb3 Qa6 34. Ra2 Qc6 35. Qa3 d4 36. Qa8+ Kh7 37. Qxc6 Rxc6 38. exd4 exd4 39. Rac2 dxc3 40. Rxc3 Rb6 41. Rc6 Rb8 42. Rc8 Rb6 43. R1c6 Rb7 44. R8c7 Rxc7 45. Rxc7 Kg6 46. Rb7 h5 47. Rxb5 Kh7 48. Kf2 g6 49. Rb7 Kg7 50. Ra7 h4 51. Ke3 Nh5 52. Ra4 g5 53. f4 Nxf4 54. Rxf4 gxf4+ 55. Kxf4 Kg6 56. Kg4 Kf6 57.
Kxh4 Ke5 58. Kg5 f6+ 59. Kg6 f5 60. h4 1-0